 Dungeon Crawl Stone Soup version 0.30.2 (webtiles) character file.

Game seed: 6400041661568580869

1130 porpoise the Skirmisher (level 8, -7/64 HPs)
             Began as a Human Hunter on Feb 1, 2024.
             Mangled by a gnoll
             ... wielding a +0 halberd
              (11 damage)
             ... on level 5 of the Dungeon.
             The game lasted 00:08:40 (4020 turns).

porpoise the Skirmisher (Human Hunter)              Turns: 4020, Time: 00:08:40

Health: -7/64      AC:  9    Str: 11    XL:     8   Next: 62%
Magic:  8/8        EV:  9    Int: 10    God:
Gold:   284        SH:  0    Dex: 19    Spells: 7/7 levels left

rFire   + . .        a - +1 shortbow
rCold   . . .        (shield currently unavailable)
rNeg    . . .        c - +0 leather armour
rPois   .            f - +0 helmet
rElec   .            (no cloak)
rCorr   .            o - +0 pair of gloves
SInv    .            (no boots)
Will    .....        (no amulet)
Stlth   ++           h - +4 ring of protection
HPRegen 0.30/turn    s - ring of protection from fire
MPRegen 0.11/turn

%: no passive effects
@: grasped by roots, constricted
A: no striking features
a: no special abilities


You were on level 5 of the Dungeon.
You visited 1 branch of the dungeon, and saw 5 of its levels.
You also visited: Sewer.

You collected 284 gold pieces.

Inventory:

Hand Weapons
 a - a +1 shortbow (weapon)
 b - a +1 short sword of electrocution
Missiles
 k - 4 javelins
 F - 4 poisoned darts
Armour
 c - a +0 leather armour (worn)
 f - a +0 helmet (worn)
 o - a +0 pair of gloves (worn)
Magical Staves
 y - a staff of death
Jewellery
 h - a +4 ring of protection (left hand)
 s - a ring of protection from fire (right hand)
 A - a ring of ice
 C - an amulet of guardian spirit
Wands
 x - a wand of flame (5)
 z - a wand of roots (5)
Scrolls
 d - 2 scrolls of vulnerability
 e - 3 scrolls of immolation
 u - a scroll of magic mapping {unknown}
 v - a scroll of teleportation {unknown}
 D - a scroll of enchant weapon
 E - a scroll of poison
Potions
 g - a potion of resistance {unknown}
 i - a potion of might
 j - a potion of haste {unknown}
 l - a potion of berserk rage
 m - 2 potions of curing
 n - 2 potions of attraction
 p - a potion of mutation {unknown}
 q - a potion of cancellation {unknown}
 r - 2 potions of flight {unknown}
 t - a potion of degeneration {unknown}
 w - 3 potions of brilliance {unknown}
 B - a potion of experience {unknown}


   Skills:
 + Level 5.8 Fighting
 * Level 8.9 Ranged Weapons
 - Level 2.0 Dodging
 - Level 1.0 Stealth


You had 7 spell levels left.
You didn't know any spells.
Your spell library was empty.

Dungeon Overview and Level Annotations

Branches:
Dungeon (5/15)              Sewer (visited)
 Temple: D:4-7

Altars:


Message History

The grasping roots grab you! The grasping roots constrict you.
You hear a bark!
You shoot an arrow. The arrow hits the gnoll!
You kill the gnoll!
The gnoll hits you but does no damage. The gnoll misses you.
The grasping roots constrict you.
You are too injured to fight recklessly!
You are too injured to fight recklessly!
You are too injured to fight recklessly!
Fire: a) +1 shortbow
Press: ? - help, Q - select action, (/) - cycle Shift-Dir - straight line, f - gnoll
Aim: a gnoll, wielding a +0 halberd and carrying a wand of roots (9) (71% to hit)
You shoot an arrow. The arrow hits the gnoll.
The gnoll is heavily wounded.
The gnoll closely misses you. The grasping roots constrict you.
The gnoll hits you from afar with a +0 spear.
The grasping roots release their grip on you.
Fire: a) +1 shortbow
Press: ? - help, Q - select action, (/) - cycle Shift-Dir - straight line, f - gnoll, p - gnoll
Aim: a gnoll, wielding a +0 spear (severely wounded, 71% to hit)
You shoot an arrow. The arrow hits the gnoll.
The gnoll is almost dead.
The gnoll closely misses you.
The gnoll zaps a wand.
The roots erupt in riotous growth!
The grasping roots grab you! The grasping roots constrict you.
The gnoll hits you from afar with a +0 halberd!
* * * LOW HITPOINT WARNING * * *
The grasping roots constrict you.
* * * LOW HITPOINT WARNING * * *
The gnoll hits you but does no damage.
Fire: a) +1 shortbow
Press: ? - help, Q - select action, (/) - cycle Shift-Dir - straight line, f/p - gnoll
Aim: a gnoll, wielding a +0 spear (almost dead, 71% to hit)
You shoot an arrow. The arrow barely misses the gnoll.
The gnoll hits you from afar with a +0 spear.
* * * LOW HITPOINT WARNING * * *
The gnoll hits you from afar with a +0 halberd!
You die...

.. ... .... ..>.#
..#..... #.###..g#
.).# #g)## #.. #@##
###..####..#####.
.................
.........##.#..## #.#
.........#..##.### ...
.........#.###..) ....
....##..#..##..###....
.... ##.#.###..#..<#
..# #......[....#


You could see 2 gnolls.

Vanquished Creatures
  Menkaure (D:5)
  A water moccasin (Sewer)
  A black bear (D:4)
  2 ogres (D:5)
  2 scorpions
  A howler monkey (D:4)
  4 hounds
  2 iguanas
  Natasha (thrice) (D:2)
  2 orc wizards
  Robin (D:2)
  5 gnolls
  2 ufetubi
  3 worms
  2 dart slugs
  15 orcs
  4 ball pythons
  13 bats
  7 endoplasms
  7 giant cockroaches
  15 goblins
  10 hobgoblins
  2 kobolds
  6 quokkas
  5 frilled lizards
  5 rats
121 creatures vanquished.

Notes
Turn   | Place    | Note
-------+----------+-------------------------------------------
     0 | D:1      | porpoise the Human Hunter began the quest for the Orb.
     0 | D:1      | Reached XP level 1. HP: 16/16 MP: 1/1
   100 | D:1      | Reached XP level 2. HP: 22/22 MP: 2/2
   120 | D:1      | Found a faded altar of an unknown god.
   249 | D:1      | Reached XP level 3. HP: 28/28 MP: 3/3
   841 | D:2      | Noticed Robin
   863 | D:2      | Reached XP level 4. HP: 30/34 MP: 4/4
   876 | D:2      | Killed Robin
   877 | D:2      | Reached skill level 5 in Ranged Weapons
  1115 | D:2      | Noticed Natasha
  1118 | D:2      | Killed Natasha
  1158 | D:2      | Noticed Natasha
  1164 | D:2      | Killed Natasha
  1165 | D:2      | Reached XP level 5. HP: 41/41 MP: 5/5
  1545 | D:2      | Noticed Natasha
  1554 | D:2      | Killed Natasha
  1892 | D:3      | Found a glowing drain.
  1915 | Sewer    | Entered a sewer
  1944 | Sewer    | Noticed a water moccasin
  1953 | Sewer    | Killed a water moccasin
  1954 | Sewer    | Reached skill level 6 in Ranged Weapons
  1954 | Sewer    | Reached XP level 6. HP: 32/48 MP: 6/6
  2664 | D:4      | Reached XP level 7. HP: 50/54 MP: 7/7
  2699 | D:4      | Reached skill level 7 in Ranged Weapons
  3683 | D:5      | Entered Level 5 of the Dungeon
  3711 | D:5      | Reached skill level 5 in Fighting
  3711 | D:5      | Reached XP level 8. HP: 57/62 MP: 8/8
  3740 | D:5      | Noticed Menkaure
  3748 | D:5      | Reached skill level 8 in Ranged Weapons
  3756 | D:5      | HP: 2/62 [Menkaure (13)]
  3762 | D:5      | Killed Menkaure
  4020 | D:5      | Mangled by a gnoll

Illustrated notes

Levels and vault maps discovered:
D:1:      minmay_arrival_wavy_path, layout_loops_cross,
          shapermc_ecumenical_altar_totnotflames, skrybe_limestone_x,
          dk_noncrumbling_3, serial_bayou_crossing
D:2:      layout_loops_cross, chequers_serial_rivers_micro_d,
          chequers_serial_rivers_micro_e, small_statue_intersection, uniq_robin,
          uniq_natasha
D:3:      minmay_wonky_spiral, layout_basic, gup_sewer_entry_pipe
D:4:      layout_basic, serial_co_window_serial, co_window_corner_a,
          co_window_cross_1, co_window_corner_a, co_window_corner_a,
          co_window_corner_a, co_window_cross_1, co_window_corner_a,
          co_window_corner_b, co_window_broadway_a, co_window_2corner,
          co_window_corner_cb, co_window_broadway_b
D:5:      layout_rooms, minmay_temple_entry_enclosed_plants, uniq_menkaure

Skill      XL: |  1  2  3  4  5  6  7  8 |
---------------+-------------------------+-----
Ranged Weapons | 5 6 7 8 |  8.9
Fighting       | 3 4 5 |  5.8
Dodging        | |  2.0
Stealth        | |  1.0

Action                     |  1- 3 |  4- 6 |  7- 9 || total
---------------------------+-------+-------+-------++-------
  Melee: Short sword       |       |       |     5 ||     5
   Fire: Shortbow          |    64 |   184 |   122 ||   370
    Use: Scroll            |     1 |     4 |     1 ||     6
         Potion            |       |       |     3 ||     3
 Armour: Leather armour    |    14 |    45 |    39 ||    98
  Dodge: Dodged            |    30 |    54 |    85 ||   169
